 Dungeon Sprint DCSS version 0.19-a0-139-gefc6d61 (webtiles) character file.

128 Kidiri the Covered (level 4, -7/55 HPs)
             Began as a Minotaur Fighter on May 17, 2016.
             Mangled by a human (10 damage)
             ... in the Dungeon (Sprint III: "The Ten Rune Challenge").
             The game lasted 00:03:07 (593 turns).

Kidiri the Covered (Minotaur Fighter)                Turns: 593, Time: 00:03:08

Health: -7/55      AC:  7    Str: 27    XL:     4   Next: 87%
Magic:  3/3        EV: 10    Int:  5    God:
Gold:   16         SH: 11    Dex:  9    Spells: 0 memorised, 3 levels left

rFire  . . .     SeeInvis .     a - +0 flail
rCold  . . .     Gourm    .     b - +0 scale mail
rNeg   . . .     Faith    .     c - +0 shield
rPois  .         Spirit   .     (helmet restricted)
rElec  +         Dismiss  .     (no cloak)
rCorr  .         Reflect  .     (no gloves)
SustAt .         Harm     .     (no boots)
MR     +....     NoTele   +     (no amulet)
Stlth  ..........               (no ring)
                                (no ring)

@: berserking, very quick, somewhat resistant to hostile enchantments, extremely
unstealthy
A: retaliatory headbutt, horns 2, frail 1, magic resistance 1, electricity
resistance, evolution 2, sturdy frame 1
a: no special abilities


You were in the Dungeon.
You were not hungry.

You visited 1 branch You collected 16 gold pieces.

Inventory:

Hand Weapons
 a - a +0 flail (weapon)
Armour
 b - a +0 scale mail (worn)
 c - a +0 shield (worn)
Scrolls
 k - a scroll of blinking
 m - a scroll of fear {unknown}
 o - a scroll of holy word {unknown}
 q - 3 scrolls of remove curse
 s - a scroll of torment {unknown}
Potions
 d - a potion of might
 h - a potion of haste
 i - 3 potions of magic
 r - a potion of flight
 u - a potion of cure mutation
 v - a potion of agility
Comestibles
 f - 2 bread rations
 t - a royal jelly


   Skills:
 + Level 5.4 Fighting
 * Level 6.5 Maces & Flails
 * Level 6.8 Armour
 + Level 3.3 Dodging
 * Level 6.7 Shields


You had 3 spell levels left.
You didn't know any spells.

Dungeon Overview and Level Annotations

Branches:
Dungeon (1/1)

Altars:
Okawaru
Trog


Innate Abilities, Weirdness & Mutations

You reflexively headbutt those who attack you in melee.
You have a pair of horns on your head.
You are frail (-10% HP).
You are resistant to hostile enchantments.
You are resistant to electric shocks.
You rapidly evolve.
Your movements are slightly less encumbered by armour (ER -2).


Message History

A red film seems to cover your vision as you go berserk!
You feel yourself moving faster!
You feel mighty! The human barely misses you. You furiously retaliate!
You headbutt the human! You block the human's attack. x2
Your shield prevents you from hitting the human.
The human is heavily wounded.
The human hits you with a short sword.
* * * LOW HITPOINT WARNING * * *
You miss the human.
The human is heavily wounded.
You block the human's attack. The human closely misses you.
You barely miss the human.
The human is heavily wounded.
The human hits you with a short sword!
* * * LOW HITPOINT WARNING * * *
The human hits you.
* * * LOW HITPOINT WARNING * * *
You closely miss the human. Your headbutt misses the human.
The human is heavily wounded.
You block the human's attack. The human hits you!
You die...

▓▓ ▓▓▓ .#### ##.# #####
....#####..# #__[#
.....#..#..# #pp.#
##...#..#..###+#@###+##
###..##+#..#..........#
.##..###...'.⌠........#
##..####...#...######+#
##..###....#.⌠.#
#...##.....#...#
....#......#+###
..##.#.....#
..#####....#


You could see 2 humans.

Vanquished Creatures
  A water elemental (D)
  A scorpion (D)
  A human (D)
  4 rats (D)
7 creatures vanquished.

Vanquished Creatures (others)
  2 draconian scorchers (D)
  6 hellions (D)
  A yaktaur (D)
9 creatures vanquished.

Grand Total: 16 creatures vanquished

Notes
Turn   | Place    | Note
--------------------------------------------------------------
     0 | D        | Kidiri the Minotaur Fighter began the quest for the Orb.
     0 | D        | Reached XP level 1. HP: 19/19 MP: 0/0
    63 | D        | Reached skill level 1 in Dodging
    63 | D        | Reached XP level 2. HP: 15/27 MP: 1/1
   104 | D        | Killed a hellion
   111 | D        | Killed a hellion
   125 | D        | Killed a hellion
   127 | D        | Killed a hellion
   159 | D        | Killed a hellion
   177 | D        | Killed a white draconian scorcher
   197 | D        | Killed a hellion
   198 | D        | Noticed a scorpion
   201 | D        | Killed a scorpion
   201 | D        | Reached skill level 5 in Maces & Flails
   201 | D        | Reached skill level 5 in Armour
   201 | D        | Reached skill level 5 in Shields
   201 | D        | Reached XP level 3. HP: 35/35 MP: 2/2
   201 | D        | Reached XP level 4. HP: 41/41 MP: 3/3
   223 | D        | Gained mutation: You are resistant to electric shocks. [potion of mutation]
   223 | D        | Gained mutation: You are resistant to hostile enchantments. [potion of mutation]
   224 | D        | Gained mutation: You evolve. [potion of mutation]
   224 | D        | Gained mutation: You rapidly evolve. [potion of mutation]
   224 | D        | Gained mutation: You are frail (-10% HP). [potion of mutation]
   233 | D        | Noticed a water elemental
   244 | D        | HP: 1/36 [drowned by a water elemental (6)]
   245 | D        | Killed a water elemental
   245 | D        | Reached skill level 5 in Fighting
   257 | D        | Killed a white draconian scorcher
   356 | D        | Killed a yaktaur
   577 | D        | Gained mutation: Your movements are slightly less encumbered by armour (ER -2). [evolution]
   581 | D        | Found an iron altar of Okawaru.
   582 | D        | Found a bloodstained altar of Trog.
   582 | D        | Noticed a human
   582 | D        | Noticed a human
   593 | D        | Mangled by a human

Vault maps used:
D:        dungeon_sprint_mu

Skill      XL: |  1  2  3  4 |
---------------+-------------+-----
Maces & Flails | 4 5 6 |  6.5
Fighting       | 4 5 |  5.4
Armour         | 4 5 6 |  6.8
Dodging        | 1 2 3 |  3.3
Shields        | 4 5 6 |  6.7

Action                   |  1- 3 |  4- 6 || total
-------------------------+-------+-------++-------
Melee: Flail             |    15 |    12 ||    27
       Headbutt          |     7 |     1 ||     8
  Use: Potion            |       |     6 ||     6
       Scroll            |       |     3 ||     3
Armor: Scale mail        |     4 |       ||     4
Dodge: Dodged            |     1 |     5 ||     6
Block: Shield            |     8 |     8 ||    16
